[Event "Team 45 45 League T63"]
[Site "Internet Chess Club"]
[Date "2014.11.30"]
[Round "1"]
[White "pauliewoll"]
[Black "rayfincle"]
[Result "1-0"]
[WhiteElo "1672"]
[BlackElo "1512"]
[Opening "Sicilian: closed"]
[ECO "B24"]
[Time "16:01:55"]
[TimeControl "2700+45"]

1. e4 c5 2. Nc3 Nc6 3. g3 g6 4. Bg2 Bg7 5. d3 Nf6 6. f4 d6 7. Nf3 Bg4 8. h3 Bxf3
9. Qxf3 Nd4 10. Qf2 Rb8 11. O-O b5 12. e5 Nd7 13. Ne4 d5 14. Nxc5 Ne2+ 15. Qxe2
Nxc5 16. d4 Na4 17. f5 gxf5 18. Rxf5 e6 19. Rf3 a6 20. Qf2 Qb6 21. b3 Nc3 22.
Rxc3 {Black resigns} 1-0

[Event "Team 45 45 League T63"]
[Site "Internet Chess Club"]
[Date "2014.11.30"]
[Round "1"]
[White "werty"]
[Black "bayoumicardio10"]
[Result "1/2-1/2"]
[WhiteElo "1557"]
[BlackElo "1736"]
[Opening "Queen's pawn: London system"]
[ECO "A45"]
[Time "14:30:15"]
[TimeControl "2700+45"]

1. d4 Nf6 2. Bf4 g6 3. e3 Bg7 4. Nf3 Rg8 5. Be2 d6 6. c4 Nbd7 7. h3 b6 8. Nc3
Bb7 9. Qc2 e6 10. O-O-O Qe7 11. e4 Nh5 12. Bh2 e5 13. d5 a5 14. Nb5 Nc5 15. Nd2
Bh6 16. Kb1 Bc8 17. g4 Nf4 18. Bf1 f5 19. f3 fxe4 20. fxe4 Rf8 21. Bg1 Ba6 22.
a4 Bxb5 23. cxb5 Kd7 24. Nb3 Nxa4 25. Qc6+ Kd8 26. Qxa8+ Kd7 27. Qc6+ Kd8 28.
Rc1 Nxd5 29. Qa8+ Kd7 30. Qc6+ Kd8 31. Qa8+ Kd7 32. Qc6+ {Game drawn by mutual
agreement} 1/2-1/2

[Event "Team 45 45 League T63"]
[Site "Internet Chess Club"]
[Date "2014.11.30"]
[Round "1"]
[White "kutch"]
[Black "evan7284"]
[Result "0-1"]
[WhiteElo "1458"]
[BlackElo "1629"]
[Opening "QGD: 3.Nc3"]
[ECO "D31"]
[Time "07:05:37"]
[TimeControl "2700+45"]

1. d4 d5 2. c4 e6 3. Nc3 f5 4. cxd5 exd5 5. Bf4 c6 6. e3 Nf6 7. Bd3 Bd6 8. Nge2
O-O 9. Qc2 Ne4 10. f3 Bxf4 11. exf4 Qh4+ 12. g3 Nxg3 13. Nxg3 Re8+ 14. Kd2 Qxf4+
15. Kd1 Qxf3+ 16. Be2 Qf4 17. Rf1 Qxd4+ 18. Qd2 Qxd2+ 19. Kxd2 g6 20. Rae1 Nd7
21. Bd1 Rxe1 22. Rxe1 Kf7 23. b4 Nf6 24. Bb3 Be6 25. Nge2 Ne4+ 26. Nxe4 dxe4 27.
Bxe6+ Kxe6 28. Nc3 Rd8+ 29. Ke3 Rd3+ {White resigns} 0-1

[Event "Team 45 45 League T63"]
[Site "Internet Chess Club"]
[Date "2014.11.26"]
[Round "1"]
[White "JustinL"]
[Black "Portola"]
[Result "1-0"]
[WhiteElo "2006"]
[BlackElo "1857"]
[Opening "Queen's pawn game"]
[ECO "D02"]
[Time "19:00:30"]
[TimeControl "2700+45"]

1. d4 d5 2. Nf3 Bg4 3. Bf4 c6 4. Nbd2 Nd7 5. c3 Ngf6 6. e3 e6 7. Bd3 Be7 8. O-O
O-O 9. h3 Bh5 10. Re1 Re8 11. e4 dxe4 12. Nxe4 Nxe4 13. Bxe4 Nf6 14. Bc2 Qd5 15.
g4 Bg6 16. Ne5 Bxc2 17. Qxc2 Nd7 18. a4 Nxe5 19. Bxe5 a5 20. c4 Qd7 21. Rad1 Bh4
22. Qd2 Qd8 23. Kh2 Be7 24. Rg1 Qb6 25. Qc2 Rad8 26. c5 Qa6 27. Qc3 Rd7 28. Rc1
Red8 29. g5 Qe2 30. Rc2 Qe4 31. Rg4 Qg6 32. f4 Qe4 33. Rd2 Ra8 34. Rf2 Qf5 35.
Re2 Qg6 36. Qf3 Rad8 37. Rg1 Qf5 38. Qc3 Ra8 39. h4 g6 40. Qf3 Rad8 41. h5 Ra8
42. h6 Rad8 43. Qc3 Ra8 44. Rg3 Qb1 45. d5 Rxd5 46. Bd6 Bf8 47. Bxf8 Kxf8 48.
Qh8+ Ke7 49. Qxa8 Qf1 50. Reg2 Qxf4 51. Qxb7+ Rd7 52. Qb3 Qh4+ 53. Rh3 Qf4+ 54.
Qg3 Qc1 55. Rf2 Kd8 56. Qb8+ Ke7 57. Rhf3 {Black resigns} 1-0

[Event "Team 45 45 League T63"]
[Site "Internet Chess Club"]
[Date "2014.11.30"]
[Round "1"]
[White "WillC"]
[Black "kidcobra"]
[Result "1/2-1/2"]
[WhiteElo "1739"]
[BlackElo "1760"]
[Opening "Réti opening"]
[ECO "A05"]
[Time "17:31:55"]
[TimeControl "2700+45"]

1. Nf3 Nf6 2. b3 g6 3. Bb2 Bg7 4. e3 O-O 5. d4 d5 6. Be2 Nfd7 7. O-O c6 8. Nbd2
f6 9. c4 e5 10. dxe5 fxe5 11. cxd5 cxd5 12. Rc1 a6 13. Rc2 Nc6 14. a3 Nb6 15. h3
Bf5 16. Rc1 e4 17. Nd4 Nxd4 18. Bxd4 Bxd4 19. exd4 Qg5 20. Bg4 Bxg4 21. Qxg4
Qxg4 22. hxg4 Rac8 23. g3 Rxc1 24. Rxc1 Rc8 25. Rxc8+ Nxc8 26. Kg2 Ne7 27. b4
Nc6 28. Nb3 b6 29. g5 Kf7 30. Kh3 Ke6 31. Kg4 Nd8 32. a4 Nc6 33. a5 {Game drawn
by mutual agreement} 1/2-1/2

[Event "Team 45 45 League T63"]
[Site "Internet Chess Club"]
[Date "2014.12.01"]
[Round "1"]
[White "g8wrb"]
[Black "KidRattler"]
[Result "1-0"]
[WhiteElo "1294"]
[BlackElo "1521"]
[Opening "Sicilian: Alapin's variation (2.c3)"]
[ECO "B22"]
[Time "11:03:20"]
[TimeControl "2700+45"]

1. e4 c5 2. c3 d6 3. d4 cxd4 4. cxd4 Nf6 5. Nc3 a6 6. Bd3 e5 7. d5 Be7 8. Nf3
O-O 9. O-O Nbd7 10. Be3 Ng4 11. Bd2 Nc5 12. Bc2 Qb6 13. h3 Nf6 14. Rb1 Qc7 15.
b4 Ncd7 16. Re1 Nb6 17. Bb3 Bd7 18. Rc1 Rfc8 19. Na4 Qd8 20. Nxb6 Qxb6 21. Re3
Rxc1 22. Qxc1 Rc8 23. Qb2 Nh5 24. Rc3 Rxc3 25. Bxc3 f6 26. Nd2 Bb5 27. Bc4 Nf4
28. Bxb5 Qxb5 29. Qa1 Ne2+ 30. Kh2 Qd3 31. Qf1 Qxc3 32. Qxe2 Qxb4 33. Nb3 Qb5
34. Qxb5 axb5 35. Na5 b6 36. Nc6 Kf7 37. a3 Ke8 38. Kg1 Kd7 39. Kf1 Kc7 40. Nxe7
g6 41. Ke2 Kd7 42. Nc6 h5 43. Kd3 f5 44. f3 f4 45. h4 Kc7 46. Kc3 Kb7 47. Kb4
Ka6 48. Ne7 Kb7 49. Nxg6 Ka6 50. Nh8 Kb7 51. Kxb5 Ka7 52. Nf7 Kb8 53. Kxb6 Ka8
54. Nxd6 Kb8 55. Nf7 Ka8 56. Nxe5 Kb8 57. d6 Kc8 58. a4 Kd8 59. a5 Ke8 60. a6
Kf8 61. a7 Kg7 62. d7 Kh7 63. d8=Q Kg7 64. Qd6 Kh7 65. a8=Q Kg7 66. Qb7+ Kh8 67.
Qdb8# {Black checkmated} 1-0

[Event "Team 45 45 League T63"]
[Site "Internet Chess Club"]
[Date "2014.11.29"]
[Round "1"]
[White "KnightOfLight"]
[Black "JeffH"]
[Result "1-0"]
[WhiteElo "1678"]
[BlackElo "1753"]
[Opening "King's Indian: Semi-Averbakh system"]
[ECO "E73"]
[Time "09:00:11"]
[TimeControl "2700+45"]

1. d4 Nf6 2. c4 g6 3. Nc3 Bg7 4. e4 d6 5. Be2 O-O 6. Be3 Na6 7. Nf3 e5 8. d5 Ng4
9. Bg5 f6 10. Bh4 Nh6 11. a3 c5 12. dxc6 bxc6 13. b4 Nf7 14. Rc1 Nc7 15. b5 Bd7
16. a4 Ne6 17. O-O Qa5 18. Nd2 Nd4 19. Nb3 Nxe2+ 20. Qxe2 Qb4 21. Qc2 Qxc4 22.
Na5 Qc5 23. Qa2 Be6 24. Qxe6 {Black resigns} 1-0

[Event "Team 45 45 League T63"]
[Site "Internet Chess Club"]
[Date "2014.12.01"]
[Round "1"]
[White "okieman888"]
[Black "Lrn2Mate"]
[Result "0-1"]
[WhiteElo "1513"]
[BlackElo "1557"]
[Opening "Scandinavian (center counter) defense"]
[ECO "B01"]
[Time "20:15:41"]
[TimeControl "2700+45"]

1. e4 d5 2. exd5 Qxd5 3. Nc3 Qd8 4. d4 Nf6 5. Nf3 Bg4 6. Bb5+ c6 7. Be2 e6 8.
O-O Nbd7 9. h3 Bxf3 10. Bxf3 Bd6 11. Bg5 O-O 12. Ne4 Be7 13. Bf4 Nb6 14. c3 Nbd5
15. Bh2 Nxe4 16. Bxe4 Bd6 17. Bxd6 Qxd6 18. Qc2 h6 19. Qb3 b6 20. Rad1 Rad8 21.
Bf3 Qc7 22. Rfe1 Rd7 23. a4 Rfd8 24. a5 bxa5 25. Qa4 Qb6 26. Ra1 Qxb2 27. Qxa5
Qxc3 28. Qxc3 Nxc3 29. Bxc6 Rxd4 30. Rxa7 R4d6 31. Ra8 Rxa8 32. Bxa8 Kf8 33. Rc1
Ne2+ {White resigns} 0-1

[Event "Team 45 45 League T63"]
[Site "Internet Chess Club"]
[Date "2014.11.26"]
[Round "1"]
[White "Sunny2002"]
[Black "jjaillet2007"]
[Result "1-0"]
[WhiteElo "1353"]
[BlackElo "1297"]
[Opening "Queen's gambit declined"]
[ECO "D30"]
[Time "09:30:13"]
[TimeControl "2700+45"]

1. d4 d5 2. c4 e6 3. Nf3 c5 4. Bf4 Nc6 5. e3 Nf6 6. Nc3 cxd4 7. exd4 Nh5 8. Bg3
Nxg3 9. fxg3 Bb4 10. cxd5 exd5 11. Bd3 O-O 12. O-O Bg4 13. a3 Ba5 14. Qa4 a6 15.
Ne5 Nxe5 16. dxe5 Bd7 17. Qc2 g6 18. Nxd5 Kg7 19. b4 Bb6+ 20. Nxb6 Qxb6+ 21. Qf2
Qe6 22. Qf6+ Qxf6 23. exf6+ Kh6 24. Rf4 Rad8 25. Rc1 Bc6 26. Rh4+ Kg5 27. Be2 h5
28. Rf4 Rfe8 29. h4+ Kh6 30. Bf3 Bxf3 31. gxf3 g5 32. hxg5+ Kxg5 33. Rc7 Rd2 34.
Re4 Rxe4 35. fxe4 Kxf6 36. Rxb7 Re2 37. Rb6+ Ke5 38. Rxa6 Re3 39. Kf2 Rxe4 40.
Ra5+ Kd4 41. Rxh5 Kc3 42. b5 Re6 43. Rh4 f5 44. a4 Rb6 45. Ke3 Kb3 46. Rd4 Kc3
47. Rf4 Kb3 48. Kd3 Rd6+ 49. Rd4 Rg6 50. a5 Rxg3+ 51. Ke2 Rg2+ 52. Kf3 Rg8 53.
b6 Rb8 54. Rd6 Kb4 55. a6 Kc5 56. a7 Ra8 57. b7 Rxa7 58. b8=Q Ra3+ 59. Kf4 Ra4+
60. Kxf5 {Black resigns} 1-0

[Event "Team 45 45 League T63"]
[Site "Internet Chess Club"]
[Date "2014.11.27"]
[Round "1"]
[White "anishio"]
[Black "viktory"]
[Result "0-1"]
[WhiteElo "1630"]
[BlackElo "1568"]
[Opening "Caro-Kann: advance variation"]
[ECO "B12"]
[Time "17:00:33"]
[TimeControl "2700+45"]

1. e4 c6 2. d4 d5 3. e5 Bf5 4. Nf3 Qb6 5. Be2 e6 6. O-O c5 7. c3 Nc6 8. b3 cxd4
9. cxd4 Bb4 10. Be3 Nge7 11. a3 Bxb1 12. Qxb1 Bc3 13. Ra2 Bxd4 14. Nxd4 Nxd4 15.
Kh1 Nef5 16. b4 Nxe3 17. fxe3 Nb5 18. Qd3 Nc7 19. Rc2 O-O 20. Rfc1 Na6 21. b5
Nb8 22. Rc7 a6 23. a4 Nc6 24. R7xc6 bxc6 25. Rxc6 Qa5 26. Qd1 axb5 27. Bxb5 Rfc8
28. h3 Rxc6 29. Bxc6 Rc8 30. Bb5 Qc3 31. Qd4 Qxd4 32. exd4 Rc1+ 33. Kh2 Rd1 34.
g4 Rxd4 35. Kg2 Re4 36. Kf2 Rxe5 37. Bd3 d4 38. h4 Re3 39. Be2 Kf8 40. h5 Ke7
41. Bb5 Kf6 42. a5 Ra3 43. a6 Rb3 44. Bc6 Ra3 45. Bb7 Kg5 46. Bf3 Rxa6 47. Ke2
Ra3 {White resigns} 0-1

[Event "Team 45 45 League T63"]
[Site "Internet Chess Club"]
[Date "2014.11.27"]
[Round "1"]
[White "ethan0627"]
[Black "TacoCrafterHD"]
[Result "1-0"]
[WhiteElo "1414"]
[BlackElo "1487"]
[Opening "Giuoco Piano"]
[ECO "C50"]
[Time "10:20:21"]
[TimeControl "2700+45"]

1. e4 e5 2. Nf3 Nc6 3. Bc4 Bc5 4. O-O Nf6 5. d3 O-O 6. Nc3 d6 7. h3 a6 8. Bg5
Be6 9. Bb3 h6 10. Bh4 Bb4 11. Nd5 Bxd5 12. Bxd5 Rb8 13. Bb3 Bc5 14. Re1 Re8 15.
Qd2 Bb4 16. c3 Ba5 17. Qc2 Qe7 18. Re2 Bb6 19. Rd1 Nd8 20. d4 exd4 21. Nxd4 Qe6
{Black resigns} 1-0

[Event "Team 45 45 League T63"]
[Site "Internet Chess Club"]
[Date "2014.11.26"]
[Round "1"]
[White "karthikkallam"]
[Black "almond123"]
[Result "0-1"]
[WhiteElo "1289"]
[BlackElo "1517"]
[Opening "Giuoco Piano: four knights variation"]
[ECO "C47"]
[Time "14:00:15"]
[TimeControl "2700+45"]

1. e4 e5 2. Nf3 Nc6 3. Nc3 Nf6 4. Bc4 Bc5 5. O-O d6 6. d3 Bg4 7. h3 Bh5 8. Be3
Bxe3 9. fxe3 O-O 10. Nd5 Nxd5 11. Bxd5 Qd7 12. c3 Rab8 13. d4 Rfe8 14. dxe5 Nxe5
15. Nxe5 Rxe5 16. g4 Bg6 17. Qf3 c6 18. Bb3 Rxe4 19. Bc2 Re6 20. Bf5 Bxf5 21.
Qxf5 Qe7 22. Rae1 Rxe3 23. Rxe3 Qxe3+ 24. Rf2 Qe6 25. Qxe6 fxe6 26. Kg2 Rf8 27.
Re2 Kf7 28. Rf2+ Ke7 29. Re2 e5 30. Kg3 g5 31. h4 h6 32. Rh2 Kf6 33. Rf2+ Kg7
34. Rh2 Kg6 35. hxg5 Kxg5 36. Rh5+ Kg6 37. Rh2 Rh8 38. Rd2 d5 39. b3 Rf8 40. c4
d4 41. Re2 Kf6 42. Rf2+ Kg7 43. Re2 Re8 44. Kf3 Kf6 45. Ke4 Kg5 46. Kf3 c5 47.
a3 d3 48. Rd2 e4+ 49. Kg3 Rd8 50. b4 cxb4 51. axb4 e3 52. Rb2 d2 53. Rb1 e2 54.
Kf2 d1=Q 55. Rxd1 exd1=Q 56. b5 Re8 57. c5 Qd2+ 58. Kf3 Re3# {White checkmated}
0-1

[Event "Team 45 45 League T63"]
[Site "Internet Chess Club"]
[Date "2014.11.30"]
[Round "1"]
[White "Elalfer"]
[Black "Tjet"]
[Result "1/2-1/2"]
[WhiteElo "1511"]
[BlackElo "1579"]
[Opening "Queen's Pawn"]
[ECO "B07"]
[Time "23:01:00"]
[TimeControl "2700+45"]

1. d4 d6 2. e4 e5 3. dxe5 dxe5 4. Qxd8+ Kxd8 5. Bc4 Be6 6. Bxe6 fxe6 7. Nc3 c6
8. Nf3 Bd6 9. Bg5+ Nf6 10. O-O-O Ke7 11. a4 a5 12. Rd3 Nd7 13. Rhd1 h6 14. Bxf6+
gxf6 15. Rxd6 Nc5 16. Nd2 Rhg8 17. g3 Kxd6 18. Nc4+ Ke7 19. b3 b5 20. axb5 cxb5
21. Nxb5 Nxe4 22. f3 Nc5 23. Nc7 Ra7 24. Nb5 Rd7 25. Nxa5 Rxd1+ 26. Kxd1 Rd8+
27. Ke2 Kf7 28. Nc4 h5 29. Nbd6+ Ke7 30. b4 Na4 31. Ne4 Rc8 32. Ne3 Nc3+ 33.
Nxc3 Rxc3 34. Kd2 Rc8 35. c4 f5 36. Kd3 f4 37. gxf4 exf4 38. Ng2 e5 39. Ke4 Ke6
40. Kd3 Rd8+ 41. Kc2 Rd4 42. Kc3 Rd1 43. b5 Kd6 44. Kb4 Rb1+ 45. Kc3 Kc5 46. Nh4
Rc1+ 47. Kd3 Re1 48. Nf5 Rc1 49. Ke4 Rxc4+ 50. Kxe5 Rb4 51. h4 {Game drawn by
mutual agreement} 1/2-1/2

[Event "Team 45 45 League T63"]
[Site "Internet Chess Club"]
[Date "2014.11.29"]
[Round "1"]
[White "BrianWood"]
[Black "Berke"]
[Result "1/2-1/2"]
[WhiteElo "1470"]
[BlackElo "1548"]
[Opening "English opening"]
[ECO "A13"]
[Time "16:00:50"]
[TimeControl "2700+45"]

1. c4 e6 2. Nf3 Be7 3. g3 f5 4. Bg2 Nf6 5. O-O O-O 6. d3 d6 7. Nc3 Nbd7 8. Rb1
a5 9. Nd4 Nc5 10. b4 axb4 11. Rxb4 e5 12. Nc2 Rb8 13. d4 Ncd7 14. Nd5 Nxd5 15.
Bxd5+ Kh8 16. Bg2 c5 17. dxc5 Nxc5 18. Rb1 Qe8 19. Nb4 Qg6 20. Nd5 Bd8 21. f4 e4
{Game drawn by mutual agreement} 1/2-1/2

[Event "Team 45 45 League T63"]
[Site "Internet Chess Club"]
[Date "2014.11.29"]
[Round "1"]
[White "QuimCatala"]
[Black "dabodhi"]
[Result "1-0"]
[WhiteElo "1374"]
[BlackElo "1353"]
[Opening "Sicilian: Labourdonnais-Löwenthal (Kalashnikov) variation"]
[ECO "B32"]
[Time "15:00:32"]
[TimeControl "2700+45"]

1. e4 c5 2. Nf3 Nc6 3. d4 cxd4 4. Nxd4 e5 5. Nb5 d6 6. N1c3 a6 7. Na3 Be6 8. Be3
Nf6 9. f3 b5 10. Nd5 Qa5+ 11. c3 Nd7 12. Qd2 Rb8 13. Nc2 Bxd5 14. Qxd5 Nd8 15.
Nb4 Nf6 16. Qd2 Be7 17. O-O-O O-O 18. g4 Rc8 19. a3 Nb7 20. Bd3 Nc5 21. Bc2 Rfd8
22. Nd5 Nxd5 23. Qxd5 b4 24. cxb4 Nd3+ 25. Qxd3 Qa4 26. Kb1 Qc6 27. Rc1 d5 28.
exd5 Rxd5 29. Qxh7+ Kf8 30. Qh8# {Black checkmated} 1-0

[Event "Team 45 45 League T63"]
[Site "Internet Chess Club"]
[Date "2014.11.30"]
[Round "1"]
[White "chessman64"]
[Black "HorseRadish"]
[Result "1/2-1/2"]
[WhiteElo "1430"]
[BlackElo "1419"]
[Opening "King's Indian: fianchetto without c4"]
[ECO "A49"]
[Time "17:01:37"]
[TimeControl "2700+45"]

1. d4 Nf6 2. g3 g6 3. Nf3 Bg7 4. Bg2 O-O 5. O-O d6 6. Re1 Bg4 7. c3 Re8 8. Qb3
Bxf3 9. Bxf3 Nbd7 10. Qxb7 Rb8 11. Qxa7 c5 12. dxc5 Nxc5 13. Bc6 Ncd7 14. Nd2
Qc8 15. Qa4 Rb6 16. Bxd7 Nxd7 17. Qc2 h5 18. Nf3 e6 19. Bd2 d5 20. e3 Nf6 21.
Ng5 Ng4 22. a4 Ne5 23. Kg2 Qb7 24. Ra2 Rb3 25. Rb1 Rb8 26. Nxe6 fxe6 27. f4 Nc4
28. Qxg6 Nxd2 29. Qxe6+ Kh8 30. Rd1 d4+ 31. e4 Nxe4 32. Kg1 Rb6 33. Qf5 Rxb2 34.
Rxb2 Qxb2 35. Qxe4 Qxc3 36. Qe2 Qe3+ 37. Qxe3 dxe3 38. Rd3 Re8 39. Kf1 Bf8 40.
Ke2 Bc5 41. Rd5 Ba7 42. Rxh5+ Kg7 43. Ra5 Bb6 44. Rb5 Bd4 45. Rd5 Bb2 46. a5 Bc1
47. a6 Kf6 48. h4 Rb8 49. a7 Rb2+ 50. Kf3 Rf2+ 51. Kg4 Ra2 52. Kf3 Rf2+ 53. Kg4
Ra2 54. Kf3 Rf2+ {Game drawn by repetition} 1/2-1/2

[Event "Team 45 45 League T63"]
[Site "Internet Chess Club"]
[Date "2014.11.30"]
[Round "1"]
[White "clarinetref"]
[Black "uzi"]
[Result "1-0"]
[WhiteElo "1603"]
[BlackElo "1500"]
[Opening "Scandinavian: Marshall variation"]
[ECO "B01"]
[Time "10:00:36"]
[TimeControl "2700+45"]

1. e4 d5 2. exd5 Nf6 3. d4 Nxd5 4. Bc4 Bf5 5. c3 e6 6. Nf3 Be7 7. O-O c6 8. a4
O-O 9. Na3 Nd7 10. Nc2 N7b6 11. Be2 Re8 12. a5 Nd7 13. Bd2 Qc7 14. c4 Nf4 15.
Ne3 Nxe2+ 16. Qxe2 Bg6 17. Bc3 Nf6 18. Ne5 Bd6 19. c5 Bxe5 20. dxe5 Nd5 21. Nc4
Nxc3 22. bxc3 Red8 23. Nd6 b6 24. cxb6 axb6 25. a6 f6 26. f4 b5 27. Qa2 Rxd6 28.
exd6 Qxd6 29. f5 Qc5+ 30. Kh1 Bxf5 31. Qa5 Qd6 32. Rfd1 Qe7 33. Qb6 Kf7 34. Qb7
Qxb7 35. axb7 Rb8 36. Rd7+ Ke8 37. Rxg7 Kf8 38. Rc7 e5 39. Ra8 {Black resigns}
1-0

[Event "Team 45 45 League T63"]
[Site "Internet Chess Club"]
[Date "2014.12.01"]
[Round "1"]
[White "Gilguli"]
[Black "PostMike"]
[Result "1-0"]
[WhiteElo "1476"]
[BlackElo "1439"]
[Opening "Sicilian defense"]
[ECO "B20"]
[Time "14:38:51"]
[TimeControl "2700+45"]

1. e4 c5 2. a3 e6 3. b4 cxb4 4. d4 Nf6 5. Bg5 h6 6. Bxf6 Qxf6 7. Nf3 bxa3 8. c4
Bb4+ 9. Nbd2 Bc3 10. Rxa3 Bxd4 11. Rd3 Bc5 12. e5 Qe7 13. Qa4 O-O 14. Be2 d6 15.
exd6 Bxd6 16. O-O Bd7 17. Qb3 Bc6 18. Nd4 Qc7 19. Kh1 b6 20. Bg4 Bd7 21. Bf3 Nc6
22. Nb5 Na5 23. Nxc7 Nxb3 24. Nxb3 Bxc7 25. Bxa8 Ba4 26. Bf3 Be5 27. Re1 Bf6 28.
Re2 Rc8 29. Rc2 Be7 30. Rc1 a6 31. Bb7 Rc7 32. Bxa6 {Black resigns} 1-0

[Event "Team 45 45 League T63"]
[Site "Internet Chess Club"]
[Date "2014.11.29"]
[Round "1"]
[White "Aquaman"]
[Black "houseofcook"]
[Result "1-0"]
[WhiteElo "1381"]
[BlackElo "1469"]
[Opening "Nimzovich-Larsen attack: Indian variation"]
[ECO "A01"]
[Time "15:00:31"]
[TimeControl "2700+45"]

1. b3 Nf6 2. Bb2 d5 3. e3 e6 4. Nf3 Be7 5. c4 O-O 6. cxd5 exd5 7. Be2 c5 8. O-O
Nc6 9. d4 b6 10. Na3 Bb7 11. Rc1 Nd7 12. Nc2 Bd6 13. Bd3 Re8 14. Ba3 h6 15. h3
Nf6 16. Nce1 Qe7 17. Nc2 Ne4 18. Bb2 Rac8 19. Na3 a6 20. Nb1 Nb4 21. a3 Nxd3 22.
Qxd3 Bc6 23. Rfe1 Bb5 24. Qd1 a5 25. a4 Ba6 26. Nc3 Nxc3 27. Bxc3 c4 28. Nd2 Rc7
29. bxc4 dxc4 30. e4 Bb4 31. e5 Bxc3 32. Rxc3 Qb4 33. Ree3 Rd7 34. Ne4 Rxe5 35.
Rc1 Qe7 36. f3 f5 37. Qc2 Re6 38. Rd1 fxe4 39. Rxe4 Rxe4 40. fxe4 Qe8 41. e5 Rd5
42. Qb2 Qe6 43. Qe2 b5 44. axb5 Bxb5 45. Qe3 a4 46. Rc1 g6 47. Rd1 Kg7 48. Rf1
Qe7 49. Rf6 Qc7 50. Qe4 Rd7 51. Qxg6+ {Black resigns} 1-0

[Event "Team 45 45 League T63"]
[Site "Internet Chess Club"]
[Date "2014.12.02"]
[Round "1"]
[White "ChessMaine"]
[Black "GregoryViking"]
[Result "0-1"]
[WhiteElo "1518"]
[BlackElo "1578"]
[Opening "Torre attack (Tartakower variation)"]
[ECO "D03"]
[Time "17:01:35"]
[TimeControl "2700+45"]

1. d4 d5 2. Nf3 Nf6 3. Bg5 e6 4. e3 c5 5. c3 Qb6 6. Qc2 Be7 7. Bd3 c4 8. Be2 Nc6
9. Nbd2 Bd7 10. O-O Qc7 11. e4 Ng4 12. Bxe7 Nxe7 13. e5 Nh6 14. b3 b5 15. Ng5 f6
16. exf6 gxf6 17. Bh5+ Kd8 18. Nf7+ Nxf7 19. Bxf7 Ng6 20. Nf3 Ke7 21. Bxg6 hxg6
22. Rae1 g5 23. g3 Be8 24. Re3 Bf7 25. Rfe1 Qd7 26. Qc1 Qd6 27. Qb2 Rag8 28.
bxc4 bxc4 29. Qb7+ Qd7 30. Qxd7+ Kxd7 31. Rb1 Rb8 32. Ree1 Bg6 33. Rxb8 Rxb8 34.
Re2 Rb1+ 35. Re1 Rb2 36. Ra1 a5 37. h4 Bh5 38. Ne1 a4 39. hxg5 fxg5 40. a3 Rb3
41. Nc2 Rxc3 42. Ne3 Rd3 43. Rb1 Rb3 44. Ra1 Kc7 45. Kg2 Rd3 46. g4 Bg6 47. Nc2
Be4+ 48. Kf1 Kb6 49. Rb1+ Rb3 50. Rc1 Bxc2 51. Rxc2 Rxa3 52. Re2 c3 53. Rxe6+
Kb5 54. Re2 Ra1+ 55. Kg2 Rd1 56. Rc2 Kb4 57. Kf3 Rxd4 58. Re2 a3 59. Ke3 Re4+
60. Kd3 Rxe2 61. Kxe2 a2 {White resigns} 0-1

[Event "Team 45 45 League T63"]
[Site "Internet Chess Club"]
[Date "2014.11.30"]
[Round "1"]
[White "BotanicalKnight"]
[Black "Hal2001"]
[Result "1/2-1/2"]
[WhiteElo "1533"]
[BlackElo "1519"]
[Opening "Sicilian: closed"]
[ECO "B25"]
[Time "12:00:16"]
[TimeControl "2700+45"]

1. e4 g6 2. Nc3 Bg7 3. g3 c5 4. Bg2 Nc6 5. d3 d6 6. h3 Bd7 7. f4 f5 8. Nf3 Rb8
9. O-O Nf6 10. exf5 Bxf5 11. g4 Bd7 12. Rb1 O-O 13. Kh1 e6 14. a3 a6 15. Ne2 Qc7
16. c3 Rbc8 17. Qe1 {Game drawn by mutual agreement} 1/2-1/2

[Event "Team 45 45 League T63"]
[Site "Internet Chess Club"]
[Date "2014.11.28"]
[Round "1"]
[White "PaulRichard"]
[Black "chesskix"]
[Result "1/2-1/2"]
[WhiteElo "1537"]
[BlackElo "1469"]
[Opening "Philidor: exchange variation"]
[ECO "B07"]
[Time "19:02:17"]
[TimeControl "2700+45"]

1. e4 d6 2. d4 e5 3. Nf3 exd4 4. Nxd4 Nd7 5. Nc3 Ne5 6. Be2 a6 7. O-O Nf6 8. Bg5
Be7 9. f4 Nc6 10. Nxc6 bxc6 11. Qd3 O-O 12. Rad1 Nd7 13. Bxe7 Qxe7 14. Qf3 Bb7
15. Bc4 Rab8 16. Rfe1 d5 17. exd5 Qc5+ 18. Kh1 Qxc4 19. Re7 Nf6 20. Rxc7 c5 21.
b3 Qb4 22. Qe3 Ng4 23. Qf3 Nf6 24. Qe3 Ng4 25. Qf3 Nf6 {Game drawn by
repetition} 1/2-1/2

[Event "Team 45 45 League T63"]
[Site "Internet Chess Club"]
[Date "2014.11.30"]
[Round "1"]
[White "kingsrook"]
[Black "Conjurer"]
[Result "0-1"]
[WhiteElo "1333"]
[BlackElo "1379"]
[Opening "QGD: exchange variation"]
[ECO "D35"]
[Time "15:01:47"]
[TimeControl "2700+45"]

1. d4 Nf6 2. c4 e6 3. Nc3 d5 4. cxd5 Nxd5 5. e4 Nb6 6. Nf3 c5 7. d5 Be7 8. Bb5+
Bd7 9. dxe6 Bxb5 10. exf7+ Kxf7 11. Qb3+ c4 12. Qxb5 Nc6 13. O-O Rf8 14. Qf5+
Kg8 15. Qe6+ Kh8 16. Be3 Rf6 17. Qh3 Qf8 18. Bg5 Rg6 19. Bxe7 Qxe7 20. Rad1 Rf8
21. Rfe1 Ne5 22. Re3 Ng4 23. Re2 Nd7 24. Nd5 Qe6 25. Ng5 Rxg5 26. f3 Nde5 27.
fxg4 Nxg4 28. Rf1 Rxf1+ 29. Kxf1 Qf7+ 30. Kg1 b5 31. a3 a5 32. g3 Qf3 33. Qg2
Qxg2+ 34. Kxg2 Ne5 35. Rf2 h6 36. Rf8+ Kh7 37. Rb8 b4 38. axb4 axb4 39. Rxb4 Nd3
40. Rb6 Re5 41. Kf3 Nc5 42. Nc3 Re6 43. Rb4 Rf6+ 44. Kg2 Nd3 45. Nd1 Nxb4 46. h3
Nd3 47. g4 Rf4 48. e5 Nxe5 49. Nc3 Nd3 50. Nd1 Rf7 51. Kg1 Rb7 52. Kg2 Nxb2 53.
Nc3 Rb3 54. Ne4 c3 55. Nc5 Rb5 56. Ne4 c2 57. Nc3 Rb3 58. Ne2 Nd3 59. Kh2 Rb2
60. Kh1 c1=Q+ 61. Nxc1 Nxc1 62. Kg1 Ne2+ 63. Kh1 Nf4 64. h4 Rg2 65. h5 Rxg4 66.
Kh2 Nxh5 67. Kh3 Ra4 {White resigns} 0-1

[Event "Team 45 45 League T63"]
[Site "Internet Chess Club"]
[Date "2014.11.30"]
[Round "1"]
[White "Jiawen5"]
[Black "tamky70"]
[Result "0-1"]
[WhiteElo "1243"]
[BlackElo "1390"]
[Opening "Sicilian: Hungarian variation"]
[ECO "B34"]
[Time "19:30:29"]
[TimeControl "2700+45"]

1. e4 c5 2. Nf3 g6 3. d4 cxd4 4. Nxd4 Nc6 5. Be3 Bg7 6. Nc3 a6 7. Bc4 e6 8. O-O
Nge7 9. h3 O-O 10. Qd2 Na5 11. Be2 Nac6 12. Rad1 Qc7 13. Rfe1 d5 14. exd5 Nxd5
15. Bh6 Nxd4 16. Bxg7 Nxe2+ 17. Rxe2 Kxg7 18. Nxd5 exd5 19. Qxd5 Be6 20. Qd4+
Kg8 21. Qc3 Qxc3 22. bxc3 Bxa2 23. Re7 b5 24. Ra1 Bc4 25. Rc7 Rfc8 26. Rxc8+
Rxc8 27. Rxa6 Re8 28. g3 Re1+ 29. Kg2 Rc1 30. Ra2 Bxa2 {White resigns} 0-1

[Event "Team 45 45 League T63"]
[Site "Internet Chess Club"]
[Date "2014.11.26"]
[Round "1"]
[White "bardu"]
[Black "Ilamihir"]
[Result "0-1"]
[WhiteElo "1049"]
[BlackElo "1151"]
[Opening "King's Indian: 6.Be2"]
[ECO "E91"]
[Time "18:30:36"]
[TimeControl "2700+45"]

1. d4 Nf6 2. c4 g6 3. Nc3 Bg7 4. e4 d6 5. Nf3 O-O 6. Be2 Re8 7. O-O Nfd7 8. Bg5
h6 9. Be3 e5 10. Qd2 g5 11. d5 c6 12. dxc6 Nxc6 13. Qxd6 Re6 14. Qd2 Qe7 15. Nd5
Qd8 16. Rfd1 Nf6 17. Nxf6+ Qxf6 18. Qd5 Nb4 19. Qd8+ Qxd8 20. Rxd8+ Kh7 21. h4
gxh4 22. Nxh4 Bf6 23. Nf5 Bxd8 {White resigns} 0-1